 Dungeon Sprint DCSS version 0.26-a0-1213-gd52f5182fe (webtiles) character file.

Game seed: 2605836259943768798

16576 rocky1 the Earth Mage (level 12, -6/64 HPs)
             Began as a Gargoyle Earth Elementalist on Dec 31, 2020.
             Was the Champion of Sif Muna.
             Killed from afar by a white draconian (29 damage)
             ... with a chilling breath
             ... in the Dungeon (Sprint VII: "The Pits").
             The game lasted 00:19:11 (2935 turns).

rocky1 the Earth Mage (Gargoyle Earth Elementalist) Turns: 2935, Time: 00:19:11

Health: -6/64      AC: 15    Str: 16    XL:     12   Next: 39%
Magic:  22/28      EV: 17    Int: 20    God:    Sif Muna [******]
Gold:   53         SH:  0    Dex: 10    Spells: 17/36 levels left

rFire    + . .     SeeInvis .   q - +2 dire flail (protect)
rCold    . . .     Faith    .   (shield currently unavailable)
rNeg     + . .     Spirit   .   p - +0 leather armour {rF+}
rPois    ∞         Reflect  .   (no helmet)
rElec    +         Harm     .   (no cloak)
rCorr    .         Rampage  .   (no gloves)
Will     .....     NoTele   +   (no boots)
Stlth    ++........             (no amulet)
HPRegen  0.20/turn              c - +3 ring of protection
MPRegen  0.21/turn              m - +3 ring of strength

@: no status effects
A: negative energy resistance 1, electricity resistance, unbreathing,
petrification resistance, miasma immunity, AC +8
a: Renounce Religion, Channel Magic, Forget Spell, Divine Exegesis


You were in the Dungeon.
You worshipped Sif Muna.
Sif Muna was exalted by your worship.
You visited 1 branch You collected 53 gold pieces.

Inventory:

Hand Weapons
 q - a +2 dire flail of protection (weapon)
 r - a +2 vampiric lajatang
Missiles
 b - 44 stones (quivered)
Armour
 o - a +5 ring mail
 p - a +0 leather armour of fire resistance (worn)
 s - a +2 robe of willpower
 t - a +2 robe of positive energy
Jewellery
 c - a +3 ring of protection (left hand)
 m - a +3 ring of strength (right hand)
 x - a +6 ring of strength
 y - an uncursed ring of ice
 z - an uncursed ring of wizardry
 A - an uncursed ring of fire
Scrolls
 i - a scroll of blinking
 j - 5 scrolls of remove curse
 k - 5 scrolls of amnesia
 l - a scroll of summoning
 u - 4 scrolls of enchant weapon
 v - 3 scrolls of fog
 w - 3 scrolls of enchant armour
Potions
 a - 2 potions of invisibility
 d - 11 potions of curing
 e - 15 potions of heal wounds
 f - 4 potions of haste
 g - 4 potions of magic
 h - 5 potions of berserk rage
 n - a potion of ambrosia {unknown}
 B - a potion of might
 C - a potion of mutation


   Skills:
 + Level 3.0 Fighting
 + Level 4.5 Maces & Flails
 - Level 8.1 Armour
 - Level 11.9 Dodging
 - Level 3.3 Stealth
 - Level 0.8 Unarmed Combat
 + Level 12.9 Spellcasting
 + Level 10.9 Conjurations
 - Level 0.7 Transmutations
 + Level 18.5 Earth Magic
 - Level 13.0 Invocations


You had 17 spell levels left.
You knew the following spells:

 Your Spells              Type           Power        Failure   Level
a - Sandblast             Erth           100%         0%          1
b - Stone Arrow           Conj/Erth      100%         1%          3
c - Lee's Rapid Deconstr  Erth           36%          1%          5
d - Petrify               Tmut/Erth      51%          1%          4
e - Iron Shot             Conj/Erth      32%          2%          6

Your spell library contained the following spells:

 Spells                   Type           Power        Failure   Level
 Foxfire                  Conj/Fire      100%         1%          1
 Magic Dart               Conj           100%         1%          1
 Passwall                 Tmut/Erth      42%          1%          2
 Searing Ray              Conj           100%         1%          2
 Conjure Flame            Conj/Fire      34%          1%          3
 Static Discharge         Conj/Air       34%          1%          3
 Iskenderun's Battlesphe  Conj           54%          1%          5
 Bolt of Magma            Conj/Fire/Erth 25%          3%          5
 Mephitic Cloud           Conj/Pois/Air  27%          4%          3
 Animate Skeleton         Necr           24%          6%          1
 Fulminant Prism          Conj/Hex       17%          6%          4
 Sticky Flame             Conj/Fire      34%          6%          4
 Poisonous Vapours        Pois/Air       24%          10%         2
 Ignite Poison            Fire/Tmut/Pois 13%          17%         3
 Vampiric Draining        Necr           6%           19%         3
 Fireball                 Conj/Fire      17%          19%         5
 Lightning Bolt           Conj/Air       17%          19%         5
 Orb of Destruction       Conj           27%          52%         7
 Lehudib's Crystal Spear  Conj/Erth      32%          67%         8
 Conjure Ball Lightning   Conj/Air       17%          69%         6
 Starburst                Conj/Fire      17%          69%         6
 Alistair's Intoxication  Tmut/Pois      9%           82%         5
 Excruciating Wounds      Necr           6%           86%         5
 Metabolic Englaciation   Hex/Ice        6%           86%         5
 Freezing Cloud           Conj/Ice/Air   13%          91%         6
 Shatter                  Erth           36%          97%         9
 Spellforged Servitor     Conj/Summ      17%          99%         7
 Haunt                    Necr/Summ      6%           100%        7
 Monstrous Menagerie      Summ           6%           100%        7
 Summon Hydra             Summ           6%           100%        7
 Chain Lightning          Conj/Air       17%          100%        8
 Ignition                 Fire           6%           100%        8
 Infestation              Necr           6%           100%        8
 Tornado                  Air            6%           100%        9


Dungeon Overview and Level Annotations

Branches:
Dungeon (1/1)

Altars:
Ashenzari
Cheibriados
Dithmenos
Elyvilon
Fedhas
Gozag
Hepliaklqana
Kikubaaqudgha
Makhleb
Nemelex Xobeh
Okawaru
Qazlal
Ru
Sif Muna
Trog
Uskayaw
Vehumet
Wu Jian
Xom
Yredelemnul
Zin
The Shining One
Beogh
Jiyva
Lugonu


Innate Abilities, Weirdness & Mutations

You are resistant to torment.
Your stone body is resilient. (AC +8)
You are immune to poison.
You resist negative energy. (rN+)
You are resistant to electric shocks. (rElec)
You can survive without breathing.
You are immune to petrification.
You are immune to miasma.


Message History

Unknown command.
Casting: Lee's Rapid Deconstruction (safe; 1% risk of failure)
Confirm with . or Enter, or press ? or * to list all spells.
Aiming: Lee's Rapid Deconstruction (safe; 1% risk of failure)
Press: ? - help, Dir - move target A metal wall.
The metal wall shatters!
The blast of metal fragments hits the deep elf blademaster!!!
You kill the deep elf blademaster!
Sif Muna accepts your kill.
The blast of metal fragments hits the titan!!
You kill the titan!
Sif Muna accepts your kill.
The blast of metal fragments hits the white draconian!!!
The white draconian is almost dead.
The yaktaur captain wields a +0 arbalest.
The yaktaur captain shoots a bolt.
The bolt hits you!
The white draconian breathes frost at you.
The chilling breath hits you!!
You die...

#..#....#..#
+..........#
+..........#
#..#....#..#
#..........+
#..........+
###''####''#
###''####''#########
#..@...##...........
#.#'##.##.......)...
#.#)c .##..#########
# )dc# ##..# #.)'
#..# #++##########
+..#. #..#
........##..# ##+#.
#..# .#......##..#
##..# ........''..#
#..#


You could see a white draconian (catching breath), a yaktaur captain and a
yaktaur.

Vanquished Creatures
  A titan (D)
  A deep elf blademaster (D)
  Agnes (D)
  A great orb of eyes (D)
  A rakshasa (D)
  A two-headed ogre (D)
  Erica (D)
  An orc high priest (D)
  A sea snake (D)
  A sixfirhy (D)
  A deep troll (D)
  A flayed ghost (D)
  A spriggan druid (D)
  A bog body (D)
  2 cyclopes (D)
  A deep elf mage (D)
  A manticore (D)
  2 elephants (D)
  A black mamba (D)
  An orange demon (D)
  A gargoyle (D)
  A rime drake (D)
  A komodo dragon (D)
  A yaktaur (D)
  A freezing wraith (D)
  2 hellwings (D)
  A merfolk (D)
  2 trolls (D)
  A tyrant leech (D)
  4 dream sheep (D)
  A snapping turtle (D)
  A wraith (D)
  2 shadows (D)
  A fire elemental (D)
  A spriggan (D)
  2 acid dragons (D)
  Duvessa (D)
  2 floating eyes (D)
  3 orc warriors (D)
  A black bear (D)
  A phantom (D)
  A centaur (D)
  Dowan (D)
  4 wights (D)
  3 crimson imps (D)
  A hound (D)
  2 orc priests (D)
  A jelly (D)
  2 iguanas (D)
  3 orc wizards (D)
  2 gnolls (D)
  An adder (D)
  A white imp (D)
  An adder zombie (D)
  A worm (D)
  A leopard gecko (D)
  7 orcs (D)
  A goblin (D)
  3 jackals (D)
  2 bats (D)
  A frilled lizard (D)
  3 kobolds (D)
  A rat (D)
96 creatures vanquished.

Notes
Turn   | Place    | Note
-------+----------+-------------------------------------------
     0 | D        | rocky1 the Gargoyle Earth Elementalist began the quest for
                  | the Orb.
     0 | D        | Reached XP level 1. HP: 10/10 MP: 3/3
    16 | D        | Reached skill level 4 in Earth Magic
    92 | D        | Found a bloodstained altar of Trog.
    92 | D        | Found a shimmering blue altar of Sif Muna.
    92 | D        | Found a viscous altar of Jiyva.
    92 | D        | Found a hazy altar of Hepliaklqana.
    92 | D        | Found an opulent altar of Gozag.
    93 | D        | Found a glowing golden altar of the Shining One.
    93 | D        | Found a glowing silver altar of Zin.
    93 | D        | Found a basalt altar of Yredelemnul.
    93 | D        | Found a shimmering altar of Xom.
    93 | D        | Found an ornate altar of the Wu Jian Council.
    93 | D        | Found a sacrificial altar of Ru.
    93 | D        | Found a stormy altar of Qazlal.
    93 | D        | Found an iron altar of Okawaru.
    93 | D        | Found a sparkling altar of Nemelex Xobeh.
    93 | D        | Found a burning altar of Makhleb.
    93 | D        | Found a blossoming altar of Fedhas.
    93 | D        | Found a white marble altar of Elyvilon.
    93 | D        | Found a shadowy altar of Dithmenos.
    93 | D        | Found a snail-covered altar of Cheibriados.
    96 | D        | Found a corrupted altar of Lugonu.
    96 | D        | Found a radiant altar of Vehumet.
    96 | D        | Found a roughly hewn altar of Beogh.
    97 | D        | Found an ancient bone altar of Kikubaaqudgha.
    97 | D        | Found a hide-covered altar of Uskayaw.
    97 | D        | Found a broken altar of Ashenzari.
    98 | D        | Became a worshipper of Sif Muna the Loreminder
   109 | D        | Noticed a floating eye
   109 | D        | Noticed a floating eye
   112 | D        | Paralysed by a floating eye for 4 turns
   117 | D        | Killed a floating eye
   118 | D        | Reached skill level 10 in Earth Magic
   118 | D        | Reached XP level 2. HP: 15/15 MP: 5/5
   118 | D        | Reached XP level 3. HP: 19/19 MP: 6/6
   118 | D        | Reached XP level 4. HP: 24/24 MP: 7/7
   119 | D        | Paralysed by a floating eye for 4 turns
   124 | D        | Paralysed by a floating eye for 2 turns
   127 | D        | Killed a floating eye
   128 | D        | Reached skill level 11 in Earth Magic
   128 | D        | Reached XP level 5. HP: 30/30 MP: 7/9
   134 | D        | Learned a level 5 spell: Lee's Rapid Deconstruction
   138 | D        | Learned a level 3 spell: Stone Arrow
   151 | D        | Reached * piety under Sif Muna
   191 | D        | Reached ** piety under Sif Muna
   193 | D        | Reached XP level 6. HP: 23/35 MP: 7/10
   207 | D        | Reached *** piety under Sif Muna
   325 | D        | Noticed Duvessa
   325 | D        | Noticed Dowan
   331 | D        | Killed Dowan
   335 | D        | Reached **** piety under Sif Muna
   336 | D        | Killed Duvessa
   337 | D        | Reached skill level 5 in Spellcasting
   337 | D        | Reached skill level 12 in Earth Magic
   337 | D        | Reached skill level 5 in Invocations
   337 | D        | Reached XP level 7. HP: 40/40 MP: 9/14
   479 | D        | Learned a level 4 spell: Petrify
   524 | D        | Noticed an elephant
   539 | D        | Killed an elephant
   540 | D        | Reached skill level 5 in Dodging
   540 | D        | Reached skill level 13 in Earth Magic
   707 | D        | Reached ***** piety under Sif Muna
   707 | D        | Received a gift from Sif Muna
   708 | D        | Reached XP level 8. HP: 44/44 MP: 11/17
   744 | D        | Noticed a merfolk
   744 | D        | Noticed a sea snake
   749 | D        | Killed a merfolk
   750 | D        | Killed a sea snake
   751 | D        | Reached skill level 14 in Earth Magic
   751 | D        | Reached XP level 9. HP: 29/48 MP: 2/21
  1092 | D        | Noticed a black mamba
  1093 | D        | Identified Sif Muna's Incunabulum of Destructive Poisoning
                  | (Sif Muna gifted it to you in the Dungeon)
  1093 | D        | Received a gift from Sif Muna
  1101 | D        | Reached skill level 10 in Invocations
  1127 | D        | Killed a black mamba
  1128 | D        | Reached skill level 15 in Earth Magic
  1139 | D        | Noticed a cyclops
  1142 | D        | Killed a cyclops
  1143 | D        | Reached XP level 10. HP: 53/53 MP: 4/23
  1261 | D        | Learned a level 6 spell: Iron Shot
  1280 | D        | Noticed a spriggan druid
  1283 | D        | Killed a spriggan druid
  1290 | D        | Received a gift from Sif Muna
  1291 | D        | Reached skill level 10 in Spellcasting
  1447 | D        | Noticed a great orb of eyes
  1462 | D        | Killed a great orb of eyes
  1463 | D        | Reached skill level 16 in Earth Magic
  1561 | D        | Noticed Agnes
  1568 | D        | Killed Agnes
  1569 | D        | Reached skill level 10 in Dodging
  1569 | D        | Reached XP level 11. HP: 45/57 MP: 12/26
  1818 | D        | Identified Sif Muna's Volume of Unholy Magic (Sif Muna
                  | gifted it to you in the Dungeon)
  1818 | D        | Received a gift from Sif Muna
  1877 | D        | Noticed a flayed ghost
  1886 | D        | Killed a flayed ghost
  2013 | D        | Noticed a deep elf mage
  2019 | D        | Noticed a cyclops
  2019 | D        | Noticed an orc high priest
  2023 | D        | Identified Sif Muna's Catalogue of Damaging Fire (Sif Muna
                  | gifted it to you in the Dungeon)
  2023 | D        | Received a gift from Sif Muna
  2024 | D        | Reached skill level 17 in Earth Magic
  2024 | D        | Killed a cyclops
  2024 | D        | Reached ****** piety under Sif Muna
  2028 | D        | Killed an orc high priest
  2038 | D        | Killed a deep elf mage
  2131 | D        | Noticed a bog body
  2132 | D        | Killed a bog body
  2133 | D        | Reached skill level 5 in Armour
  2136 | D        | Noticed a rakshasa
  2137 | D        | Noticed a manticore
  2138 | D        | Identified Sif Muna's Almanac of the Entourage and the
                  | Glacier (Sif Muna gifted it to you in the Dungeon)
  2138 | D        | Received a gift from Sif Muna
  2142 | D        | Killed a manticore
  2146 | D        | Killed a rakshasa
  2215 | D        | Identified Beitos's Volume of Damaging Ignition (Sif Muna
                  | gifted it to you in the Dungeon)
  2215 | D        | Received a gift from Sif Muna
  2332 | D        | Reached XP level 12. HP: 27/62 MP: 3/28
  2524 | D        | Noticed a two-headed ogre
  2528 | D        | Killed a two-headed ogre
  2529 | D        | Reached skill level 10 in Conjurations
  2529 | D        | Reached skill level 18 in Earth Magic
  2529 | D        | Received a gift from Sif Muna
  2531 | D        | Noticed Erica
  2536 | D        | Killed Erica
  2549 | D        | Identified Kiobip's Compendium of Conjuration (Sif Muna
                  | gifted it to you in the Dungeon)
  2549 | D        | Received a gift from Sif Muna
  2930 | D        | Noticed a titan
  2930 | D        | Noticed a white draconian
  2930 | D        | Noticed a yaktaur captain
  2930 | D        | Noticed a deep elf blademaster
  2935 | D        | Killed a deep elf blademaster
  2935 | D        | Killed a titan
  2935 | D        | Killed from afar by a white draconian

Illustrated notes

Levels and vault maps discovered:
D:        pitsprint [storerooms_1, entrance_room_1, metal_vault_3, armoury_2,
          mini_pit_1, grid_room_1, main_hall_1, silver_pit, the_coven_3,
          the_vestibule_1, steel_vault_5, golden_pit, hallway_of_sentries,
          crystal_vault_5, iron_vault_2, final_vault]

Skill      XL: |  1  2  3  4  5  6  7  8  9 10 11 12 |
---------------+-------------------------------------+-----
Earth Magic    | 10 11 12 13 14 15 16 17 18 | 18.5
Maces & Flails | 2 4 |  4.5
Fighting       | 2 3 |  3.0
Armour         | 2 6 8 |  8.1
Dodging        | 2 4 5 7 8 10 11 | 11.9
Stealth        | 3 |  3.3
Invocations    | 2 5 7 9 11 12 13 | 13.0
Spellcasting   | 3 5 6 8 9 11 12 | 12.9
Conjurations   | 6 9 10 | 10.9
Unarmed Combat | |  0.8
Transmutations | |  0.7

Action                   |  1- 3 |  4- 6 |  7- 9 | 10-12 || total
-------------------------+-------+-------+-------+-------++-------
Melee: Mace              |     4 |    24 |       |       ||    28
       Unarmed           |     1 |       |       |       ||     1
       Flail             |       |       |    24 |       ||    24
       Dire flail        |       |       |    10 |    59 ||    69
 Cast: Sandblast         |       |     2 |       |     1 ||     3
       Lee's Rapid Decon |       |     5 |    21 |    55 ||    81
       Stone Arrow       |       |       |       |     3 ||     3
Invok: Channel Magic     |       |     1 |     3 |     5 ||     9
  Use: Potion            |       |       |     2 |     1 ||     3
Armor: Robe              |       |     8 |     1 |       ||     9
       Leather armour    |       |       |    21 |    36 ||    57
Dodge: Dodged            |       |    14 |    24 |    69 ||   107

Table legend: (Time is in decaauts)
 A = Elapsed time spent in this place.
 B = Non-inter-level travel time spent in this place.
 C = Inter-level travel time spent in this place.
 D = Time resting spent in this place.
 E = Time spent auto-exploring this place.
 F = Levels seen in this place.
 G = Mean time per level.
                   A        B        C        D        E       F      G
               +--------+--------+--------+--------+--------+-----+--------+
         Total |   2950 |   2950 |      0 |   1825 |      0 |   1 | 2950.0 |
       Dungeon |   2950 |   2950 |      0 |   1825 |      0 |   1 | 2950.0 |
               +--------+--------+--------+--------+--------+-----+--------+

Top non-repeatable levels by time:
       D: 2950 daAuts
